 Dungeon Crawl Stone Soup version 0.24-a0-525-g9231cdcba1 (webtiles) character file.

Game seed: 7909630232861266371

552 KennyOmg the Chopper (level 7, -3/62 HPs)
             Began as a Minotaur Fighter on Aug 3, 2019.
             Was a Follower of Dithmenos.
             Splashed by a jelly's acid (9 damage)
             ... on level 5 of the Dungeon.
             The game lasted 00:06:01 (3482 turns).

KennyOmg the Chopper (Minotaur Fighter)             Turns: 3482, Time: 00:06:01

Health: -3/62      AC: -2    Str: 21    XL:     7   Next: 8%
Magic:  6/6        EV:  7    Int:  5    God:    Dithmenos [*.....]
Gold:   267        SH: 10    Dex: 11    Spells: 6/6 levels left

rFire    . . .     SeeInvis .   a - +0 war axe
rCold    + . .     Gourm    .   c - +0 shield
rNeg     . . .     Faith    .   b - +0 scale mail
rPois    +         Spirit   .   (helmet restricted)
rElec    .         Reflect  .   w - +0 cloak
rCorr    .         Harm     .   i - +0 pair of gloves
MR       .....                  (no boots)
Stlth    ..........             (no amulet)
HPRegen  0.20/turn              o - ring of protection from cold
MPRegen  0.10/turn              B - ring of poison resistance

@: corroded, wreathed by umbra
A: retaliatory headbutt, horns 2
a: Renounce Religion


You were on level 5 of the Dungeon.
You worshipped Dithmenos.
Dithmenos was aware of your devotion.
You were not hungry.

You visited 1 branch of the dungeon, and saw 5 of its levels.

You collected 267 gold pieces.

Inventory:

Hand Weapons
 a - a +0 war axe (weapon)
Missiles
 A - 4 boomerangs (quivered)
Armour
 b - a +0 scale mail (worn)
 c - a +0 shield (worn)
 i - a +0 pair of gloves (worn)
   (You found it on level 1 of the Dungeon)
 w - a +0 cloak (worn)
   (You found it on level 3 of the Dungeon)
Jewellery
 o - a ring of protection from cold (left hand)
   (You found it on level 2 of the Dungeon)
 B - a ring of poison resistance (right hand)
   (You found it on level 4 of the Dungeon)
Wands
 l - a wand of clouds (4)
   (You found it on level 5 of the Dungeon)
 u - a wand of paralysis (12)
   (You found it on level 3 of the Dungeon)
Scrolls
 g - a scroll of blinking {unknown}
 j - 8 scrolls of identify {unknown}
 m - 4 scrolls of teleportation {unknown}
 n - 2 scrolls of fear {unknown}
 r - 2 scrolls of remove curse {unknown}
 y - 3 scrolls of noise {unknown}
 z - a scroll of amnesia {unknown}
Potions
 d - 2 potions of might
 f - 2 potions of resistance {unknown}
 h - 3 potions of haste {unknown}
 k - 3 potions of flight {unknown}
 p - 2 potions of curing {unknown}
 q - 3 potions of heal wounds {unknown}
 s - a potion of berserk rage {unknown}
 t - a potion of degeneration {unknown}
Comestibles
 e - 6 rations {!d}
 v - 5 chunks of flesh


   Skills:
 + Level 5.7 Fighting
 * Level 6.8 Axes
 - Level 3.6 Armour
 + Level 5.7 Shields


You had 6 spell levels left.
You didn't know any spells.
Your spell library was empty.

Dungeon Overview and Level Annotations

Branches:
Dungeon (5/15)
 Temple: D:4-7

Altars:
Ashenzari
Dithmenos
Ru
Sif Muna
Xom
Yredelemnul


Innate Abilities, Weirdness & Mutations

You reflexively headbutt those who attack you in melee.
You have a pair of horns on your head.


Message History

You block the adder's attack. The jelly hits you but does no damage.
The orc hits you with a +0 flail.
The orc priest calls down the wrath of Beogh upon you.
Beogh smites you!
* * * LOW HITPOINT WARNING * * *
You block the orc's attack. The adder bites you.
* * * LOW HITPOINT WARNING * * *
You are too injured to fight recklessly!
You are too injured to fight recklessly!
You are too injured to fight recklessly!
You are too injured to fight recklessly!
Unknown command.
There are monsters nearby!
You slash the orc!
You kill the orc!
Dithmenos accepts your kill.
You barely miss the orc. You hit the jelly but do no damage.
Your hands burn!
* * * LOW HITPOINT WARNING * * *
You completely miss the adder. You block the jelly's attack.
The adder bites you.
* * * LOW HITPOINT WARNING * * *
The orc misses you. You block the jelly's attack.
The giant cockroach zombie bites you but does no damage.
You slash the giant cockroach zombie! You hit the orc but do no damage.
You hit the jelly.
Your hands burn!
* * * LOW HITPOINT WARNING * * *
You closely miss the adder. You block the adder's attack.
The crimson imp blinks!
The orc hits you but does no damage. The jelly hits you but does no damage.
You block the giant cockroach zombie's attack.
The adder bites you but does no damage.
You hit the giant cockroach zombie.
You destroy the giant cockroach zombie!
Dithmenos accepts your kill.
You closely miss the orc. You hit the jelly.
Your hands burn!
* * * LOW HITPOINT WARNING * * *
You hit the adder but do no damage. The adder barely misses you.
You furiously retaliate!
You headbutt the adder, but do no damage.
The jelly hits you.
* * * LOW HITPOINT WARNING * * *
The acid corrodes you!
You are splashed with acid.
* * * LOW HITPOINT WARNING * * *
The orc hits you with a +0 club.
* * * LOW HITPOINT WARNING * * *
You block the adder's attack. The jelly hits you.
* * * LOW HITPOINT WARNING * * *
The acid corrodes you!
You are splashed with acid!
You die...

..............##.....##8.
####.................##...
##..........##.....#_... >
##.^.............#####....
.# #.............##.#
##8... .8#
#.##.........###.# ##_#
_## #.#..........###.# ##
## ##.#...<......##..#
...#............@##
...#<..........J.#
...............S)oo#
................ยง..#
...###............## ...#
.#####5.....# ..## ##
#........ ... #........ P.
#.......!#


You could see a jelly, a crimson imp, an adder and an orc.

Vanquished Creatures
  Duvessa (D:4)
  An ogre (D:5)
  Dowan (D:4)
  A scorpion (D:4)
  A howler monkey (D:5)
  An orc priest (D:4)
  A worker ant (D:4)
  A hound zombie (D:5)
  5 gnolls
  4 adders
  2 shadow imps (D:5)
  A leopard gecko (D:2)
  8 orcs
  2 giant cockroaches (D:4)
  6 goblins
  3 hobgoblins (D:1)
  A quokka (D:2)
  A ball python (D:5)
  4 bats
  A frilled lizard (D:3)
  A giant cockroach zombie (D:5)
  3 kobolds
  5 rats
55 creatures vanquished.

Notes
Turn   | Place    | Note
-------+----------+-------------------------------------------
     0 | D:1      | KennyOmg the Minotaur Fighter began the quest for the Orb.
     0 | D:1      | Reached XP level 1. HP: 19/19 MP: 0/0
   375 | D:1      | Reached XP level 2. HP: 27/27 MP: 1/1
   380 | D:1      | Reached skill level 3 in Axes
   898 | D:2      | Reached XP level 3. HP: 31/33 MP: 2/2
  1189 | D:2      | Reached skill level 4 in Axes
  1189 | D:2      | Reached XP level 4. HP: 33/41 MP: 3/3
  1367 | D:2      | Found a shimmering altar of Xom.
  2086 | D:3      | Found a shadowy altar of Dithmenos.
  2114 | D:3      | Became a worshipper of Dithmenos the Shadowed
  2669 | D:4      | Noticed Duvessa
  2669 | D:4      | Noticed Dowan
  2676 | D:4      | Killed Duvessa
  2676 | D:4      | Reached skill level 5 in Axes
  2676 | D:4      | Reached XP level 5. HP: 41/47 MP: 4/4
  2823 | D:4      | Killed Dowan
  2823 | D:4      | Reached skill level 5 in Fighting
  2823 | D:4      | Reached skill level 5 in Shields
  2843 | D:4      | Reached XP level 6. HP: 56/56 MP: 5/5
  3114 | D:4      | Reached skill level 6 in Axes
  3326 | D:5      | Entered Level 5 of the Dungeon
  3330 | D:5      | Found a basalt altar of Yredelemnul.
  3383 | D:5      | Found a sacrificial altar of Ru.
  3386 | D:5      | Found a deep blue altar of Sif Muna.
  3439 | D:5      | Found a shattered altar of Ashenzari.
  3469 | D:5      | Reached XP level 7. HP: 49/62 MP: 6/6
  3477 | D:5      | Reached * piety under Dithmenos
  3482 | D:5      | Splashed by a jelly's acid

Levels and vault maps discovered:
D:1:      dpeg_arrival_castle, layout_basic, st_stairs_4, minmay_hexomino_u4
D:2:      layout_basic, tgw_xom, first_ration, minmay_tripent
D:3:      layout_basic, nicolae_dithmenos_shadow_blocks,
          chequers_serial_rivers_room_b, glass_columns_b
D:4:      layout_basic, uniq_duvessa
D:5:      layout_rooms, kennysheep_mini_moat, lemuel_coloured_pillars_altar,
          nicolae_overflow_hidden_temple, yredelemnul_altar_generic

Skill      XL: |  1  2  3  4  5  6 |
---------------+-------------------+-----
Axes           | 3 4 5 6 |  6.8
Fighting       | 4 5 |  5.7
Shields        | 4 5 |  5.7
Armour         | |  3.6

Action                   |  1- 3 |  4- 6 |  7- 9 || total
-------------------------+-------+-------+-------++-------
Melee: War axe           |    50 |   108 |     6 ||   164
       Headbutt          |     5 |    19 |     1 ||    25
  Eat: Chunk             |     1 |     4 |       ||     5
       Ration            |       |     1 |       ||     1
Armor: Scale mail        |    28 |    44 |     7 ||    79
Dodge: Dodged            |    11 |    31 |     5 ||    47
Block: Shield            |    24 |    60 |     9 ||    93

Table legend:
 A = Non-vault XP
 B = Vault XP
 C = Vault XP percentage of total XP
 D = Non-vault monster count
 E = Vault monster count
 F = Vault count percentage of total count
                 A         B        C        D         E       F
            +---------+---------+-------+---------+---------+-------
      Total |     479 |     310 |  39.3 |      42 |      13 |  23.6
            +---------+---------+-------+---------+---------+-------
        D:1 |      12 |      22 |  64.7 |       8 |       5 |  38.5
        D:2 |      36 |      60 |  62.5 |       7 |       6 |  46.2
        D:3 |      10 |       0 |   0.0 |       6 |       0 |   0.0
        D:4 |     193 |     228 |  54.2 |      12 |       2 |  14.3
        D:5 |     228 |       0 |   0.0 |       9 |       0 |   0.0
            +---------+---------+-------+---------+---------+-------
